 Dungeon Crawl Stone Soup version 0.31-a0-117-g42d8f58691 (webtiles) character file.

Game seed: 13539138200961561725

116132 Esekla the Thaumaturge (level 16, -7/108 HPs)
             Began as an Octopode Delver on May 27, 2023.
             Was an Initiate of Gozag.
             Killed from afar by Jorgrun (57 damage)
             ... with an entropic shot
             ... on level 14 of the Dungeon on May 30, 2023.
             The game lasted 05:57:09 (39797 turns).

Esekla the Thaumaturge (Octopode Delver)           Turns: 39797, Time: 05:57:10

Health: -7/108     AC: 13    Str: 11    XL:     16   Next: 70%
Magic:  15/33      EV: 19    Int: 21    God:    Gozag
Gold:   1980       SH:  5    Dex: 13    Spells: 4/41 levels left

rFire   . . .        x - +9 staff of Olgreb {rPois∞}
rCold   + . .        J - +0 buckler
rNeg    . . .        o - +0 hat
rPois   ∞            U - amulet of regeneration
rElec   .            V - ring of protection from cold
rCorr   .            A - ring of wizardry
SInv    +            F - ring of wizardry
Will    +....        K - ring of flight
Stlth   ++++++       L - ring of see invisible
HPRegen 1.18/turn    M - +4 ring of protection
MPRegen 0.23/turn    P - +5 ring of evasion
                     c - ring of poison resistance

%: wizardry (x2)
@: ice-armoured, grasped by roots, flying, constricted, studying 2 skills
A: almost no armour, amphibious, 8 rings, camouflage 1, gelatinous body 1,
(nimble swimmer 1), tentacles
a: Renounce Religion, Evoke the Staff of Olgreb, Potion Petition, Call Merchant,
Bribe Branch


You were on level 14 of the Dungeon.
You worshipped Gozag.
Gozag was most pleased with you.
You visited 4 branches of the dungeon, and saw 22 of its levels.
You also visited: Gauntlet and Ice Cave.

You collected 9708 gold pieces.
You spent 5334 gold pieces at shops.
You paid 2394 gold pieces to Gozag.

Inventory:

Hand Weapons
 a - a +8 vampiric falchion
 f - a +1 scimitar of flaming
 g - a +2 long sword of protection
 r - a +6 trident of venom
 s - a +2 dagger of freezing
 v - a +1 dagger of venom
 x - the +9 staff of Olgreb (weapon) {rPois∞}
   (You bought it in a shop on level 9 of the Dungeon)

   It enhances your poison magic.
   It grants immunity to poison.
   It can be activated via the 'a'bility menu to radiate toxic energy, with
   effectiveness depending on Evocations skill.
Missiles
 m - 3 boomerangs (quivered)
 p - 5 curare-tipped darts
 D - 30 poisoned darts
Armour
 i - the +0 kite shield of Vager {rElec rF+++ Str-2 Stlth+}
   (You acquired it on level 12 of the Dungeon)

   Str:       It affects your strength (-2).
   rF:        It renders you almost immune to fire.
   rElec:     It insulates you from electricity.
   Stlth:     It makes you more stealthy.
 o - a +0 hat (worn)
 w - the +4 kite shield of Awe {rC+ Regen+}
   (You acquired it on level 12 of the Dungeon)

   rC:        It protects you from cold.
   Regen:     It increases your rate of health regeneration.
 J - a +0 buckler (worn)
Magical Staves
 d - a staff of death
Jewellery
 c - a ring of poison resistance (on tentacle)
 j - a ring of ice
 A - a ring of wizardry (right tentacle)
 B - a ring of fire
 F - a ring of wizardry (on tentacle)
 K - a ring of flight (on tentacle)
 L - a ring of see invisible (on tentacle)
 M - a +4 ring of protection (on tentacle)
 P - a +5 ring of evasion (on tentacle)
 U - an amulet of regeneration (around mantle)
 V - a ring of protection from cold (left tentacle)
Wands
 k - a wand of flame (22)
 n - a wand of roots (5)
 u - a wand of digging (2)
 C - a wand of mindburst (12)
 O - a wand of paralysis (8)
 Y - a wand of quicksilver (7)
Scrolls
 b - a scroll of fog
 q - 4 scrolls of blinking
 t - 3 scrolls of poison
 y - 2 scrolls of enchant armour
 E - 2 scrolls of magic mapping
 T - a scroll of butterflies
 W - 5 scrolls of teleportation
 Z - 2 scrolls of silence
Potions
 e - a potion of haste
 h - a potion of lignification
 l - a potion of brilliance
 z - a potion of heal wounds
 G - 2 potions of ambrosia
 H - 2 potions of cancellation
 I - 5 potions of attraction
 N - 3 potions of might
 Q - 2 potions of curing
 R - a potion of magic
 X - a potion of invisibility
Miscellaneous
 S - a lightning rod (4/4)


   Skills:
 + Level 9.3 Fighting
 + Level 2.5(7.3) Short Blades
 * Level 10.8(11.0) Long Blades
 * Level 5.0 Staves
 + Level 1.0 Ranged Weapons
 + Level 4.4 Throwing
 * Level 10.2 Dodging
 * Level 12.7 Stealth
 * Level 3.9 Shields
 * Level 13.4 Spellcasting
 + Level 6.4 Conjurations
 * Level 6.4 Necromancy
 + Level 4.3 Translocations
 + Level 5.1 Transmutations
 + Level 5.3 Fire Magic
 + Level 7.4 Ice Magic
 + Level 6.8 Air Magic
 + Level 7.0 Poison Magic
 + Level 0.2 Evocations


You had 4 spell levels left.
You knew the following spells:

 Your Spells              Type           Power      Damage    Failure   Level
a - Ozocubu's Armour      Ice            45%        N/A       1%          3
b - Blink                 Tloc           64%        N/A       1%          2
c - Mephitic Cloud        Conj/Pois/Air  59%        N/A       1%          3
d - Vampiric Draining     Necr           41%        2d8       1%          3
e - Searing Ray           Conj           80%        2d7       1%          2
n - Ignite Poison         Fire/Tmut/Pois 55%        N/A       1%          3
p - Apportation           Tloc           64%        N/A       1%          1
r - Frozen Ramparts       Ice            90%        1d14      1%          3
u - Dispel Undead         Necr           41%        3d16      1%          4
v - Poisonous Vapours     Pois/Air       100%       N/A       1%          2
w - Wereblood             Tmut           35%        N/A       1%          2
x - Olgreb's Toxic Radia  Pois           60%        N/A       1%          4
z - Freezing Cloud        Conj/Ice/Air   21%        6-21      3%          5

Your spell library contained the following spells:

 Spells                   Type           Power      Damage    Failure   Level
 Beastly Appendage        Tmut           70%        N/A       1%          1
 Kiss of Death            Conj/Necr      100%       2d13      1%          1
 Magic Dart               Conj           100%       1d8       1%          1
 Necrotise                Necr           100%       1d9       1%          1
 Slow                     Hex            56%        N/A       1%          1
 Sting                    Tmut/Pois      100%       1d8       1%          1
 Summon Small Mammal      Summ           56%        N/A       1%          1
 Cigotuvi's Dreadful Rot  Necr/Pois/Air  100%       N/A       1%          2
 Ensorcelled Hibernation  Hex/Ice        58%        N/A       1%          2
 Lesser Beckoning         Tloc           64%        N/A       1%          2
 Passwall                 Tmut/Erth      20%        N/A       1%          2
 Dazzling Flash           Conj/Hex       54%        N/A       1%          3
 Spider Form              Tmut/Pois      56%        N/A       1%          3
 Stone Arrow              Conj/Erth      54%        3d10      1%          3
 Swiftness                Air            43%        N/A       1%          3
 Teleport Other           Tloc           32%        N/A       1%          3
 Ice Form                 Ice/Tmut       40%        N/A       1%          4
 Call Imp                 Summ           28%        N/A       2%          2
 Portal Projectile        Hex/Tloc       46%        N/A       2%          3
 Manifold Assault         Tloc           32%        N/A       3%          4
 Anguish                  Hex/Necr       13%        N/A       4%          4
 Fulminant Prism          Conj/Hex       13%        3d8       4%          4
 Summon Ice Beast         Ice/Summ       29%        N/A       4%          4
 Call Canine Familiar     Summ           14%        N/A       5%          3
 Confusing Touch          Hex            14%        N/A       5%          3
 Tukima's Dance           Hex            14%        N/A       5%          3
 Leda's Liquefaction      Hex/Erth       7%         N/A       17%         4
 Agony                    Necr           41%        N/A       3%          5
 Blade Hands              Tmut           17%        N/A       6%          5
 Metabolic Englaciation   Hex/Ice        14%        N/A       11%         5
 Silence                  Hex/Air        14%        N/A       12%         5
 Summon Forest            Summ/Tloc      11%        N/A       19%         5
 Eringya's Noxious Bog    Tmut/Pois      28%        N/A       21%         6
 Summon Mana Viper        Hex/Summ       14%        N/A       41%         5
 Storm Form               Tmut/Air       19%        N/A       71%         7
 Monstrous Menagerie      Summ           7%         N/A       100%        7
 Summon Hydra             Summ           7%         N/A       100%        7
 Lehudib's Crystal Spear  Conj/Erth      13%        10d5      100%        8
 Animate Armour           Summ/Erth      Unusable   N/A       N/A         4
 Simulacrum               Ice/Necr       Unusable   N/A       N/A         6

Dungeon Overview and Level Annotations

Branches:
Dungeon (14/15)            Temple (1/1) D:5            Lair (5/5) D:9
  Swamp (0/4) Lair:3       Spider (0/4) Lair:2        Slime (0/5) Lair:4
    Orc (2/2) D:9             Elf (0/3) Orc:2        Vaults (0/5) D:13
  IceCv (visited)         Gauntlet (visited)

Altars:
Ashenzari
Cheibriados
Fedhas
Gozag
Hepliaklqana
Makhleb
Ru
Xom
The Shining One
Jiyva

Shops:
D:5 :   D:9 (=(   D:11 :   Orc:2 [:!?

Portals:
Hell: Lair:5
Pandemonium: Orc:2

Annotations:
D:14 Jorgrun, Roxanne


Innate Abilities, Weirdness & Mutations

You cannot wear most types of armour.
You are amphibious.
You can wear up to eight rings at the same time.
Your skin changes colour to match your surroundings (Stealth+).
Your rubbery body absorbs attacks. (AC +1, EV +1)
((You are camouflaged when in or above water. (Stealth+)))
You have tentacles for arms and can constrict up to eight enemies at once.


Message History

The grasping roots constrict you!
Casting: Ignite Poison (safe; 1% risk of failure)
Confirm with . or Enter, or press ? or * to list all spells.
Aiming: Poisonous Vapours (safe; 1% risk of failure)
Press: ? - help, Dir - move target, f - Jorgrun
Aim: Jorgrun, wielding a +0 heavy quarterstaff and wearing a +2 robe of resistance (lightly wounded, confused)
You feel a surge of power!
Poisonous vapours surround Jorgrun!
Jorgrun looks as sick as possible!
Jorgrun completely misses himself.
The grasping roots constrict you!!
Casting: Poisonous Vapours (safe; 1% risk of failure)
Confirm with . or Enter, or press ? or * to list all spells.
You feel a surge of power!
You ignite the poison in your surroundings!
Jorgrun seems to burn from within!!
Jorgrun is moderately wounded.
Casting: Ignite Poison (safe; 1% risk of failure)
Confirm with . or Enter, or press ? or * to list all spells.
Aiming: Poisonous Vapours (safe; 1% risk of failure)
Press: ? - help, Dir - move target, f/p - Jorgrun
Aim: Jorgrun, wielding a +0 heavy quarterstaff and wearing a +2 robe of resistance (moderately wounded, confused)
You feel a surge of power!
Poisonous vapours surround Jorgrun!
Jorgrun looks as sick as possible!
Jorgrun seems less confused.
Jorgrun says, "May tha earth consume ye!"
Jorgrun gestures next to you while chanting.
The wall shatters!
The blast of rock fragments hits you! The grasping roots constrict you.
Casting: Poisonous Vapours (safe; 1% risk of failure)
Confirm with . or Enter, or press ? or * to list all spells.
Aiming: Mephitic Cloud (safe; 1% risk of failure)
Press: ? - help, Shift-Dir - straight line, f/p - Jorgrun
Aim: Jorgrun, wielding a +0 heavy quarterstaff and wearing a +2 robe of resistance (moderately wounded, extremely poisoned, chance to affect: 29%)
You feel a surge of power!
The ball explodes into a vile cloud!
The stinking cloud engulfs Jorgrun but does no damage.
Jorgrun is moderately wounded.
Jorgrun is engulfed in noxious fumes.
Jorgrun points at you and mumbles some strange words.
The entropic shot hits you!!!
Ouch! That really hurt!
You die...
Your body crumbles into a pile of gold.

......#......#
.......##...##
##.......###.#
.......### #.# #
.....### #.# .#
.?.###.### ##### .#
...#.#...# #...# .#
(........###...###.#
.........##...[.@.####
#......)..#...☼.○..#.##
#.........#...#§°☼....#
..............☼#g☼....#
................§☼....#
##..........#......####
###.........#.......#
....................#
.#...####...#..######


You could see Jorgrun (extremely poisoned).

Vanquished Creatures
  Louise (D:14)
  An orc warlord (Orc:1)
  The ghost of Gint the Severer, a journeyman HOFi of Uskayaw (D:13)
  Snorg (D:10)
  An ice dragon (D:13)
  A catoblepas (Lair:4)
  Erolcha (D:11)
  2 demonspawn (Orc:2)
  Erica (D:11)
  9 hydras
  3 centaur warriors
  A hell beast (Lair:5)
  The ghost of LobsterGuardian the Slicer, a journeyman SpVM of Sif Muna (Lair:3)
  5 two-headed ogres
  6 boulder beetles
  6 orc high priests (Orc:2)
  A tengu warrior (D:14)
  A death yak (Lair:4)
  Nergalle (D:12)
  Sonja (Lair:3)
  Amaemon (D:8)
  3 skysharks (Lair:5)
  A sixfirhy (Gauntlet)
  5 skeletal warriors
  4 bog bodies
  2 wizards
  A deep elf pyromancer (D:14)
  5 orc knights (Orc:2)
  18 ugly things
  5 orc sorcerers (Orc:2)
  4 cyclopes (D:12)
  3 manticores
  4 elephants
  2 ice statues
  Maurice (D:8)
  6 black mambas
  Joseph (D:8)
  4 orange demons
  A rust devil (Orc:2)
  A torpor snail (Lair:4)
  21 cane toads
  An anaconda simulacrum (IceCv)
  An ice devil (IceCv)
  10 komodo dragons
  A freezing wraith (D:13)
  11 rime drakes
  2 red devils (Lair:5)
  A meliai (shapeshifter) (D:13)
  11 trolls
  3 meliai (D:13)
  9 polar bears
  A hellwing (Lair:5)
  23 blink frogs
  2 jumping spiders (Lair:2)
  16 slime creatures
  3 culicivoras (Lair:2)
  A vampire (D:9)
  2 wraiths (D:10)
  11 wyverns
  3 shadows
  87 yaks
  2 dire elephant simulacra (IceCv)
  2 steam dragons
  12 basilisks
  4 death yak simulacra (IceCv)
  2 redbacks (Lair:2)
  6 vampire mosquitoes (D:12)
  A neqoxec (Orc:2)
  4 acid dragons
  4 wargs
  16 water moccasins
  A hydra simulacrum (IceCv)
  Duvessa (D:7)
  5 hell hounds (Lair:5)
  34 orc warriors
  4 black bears
  7 ogres
  10 wolves
  9 centaurs
  4 kobold brigands
  34 bullfrogs
  A gnoll sergeant (D:13)
  2 two-headed ogre simulacra (IceCv)
  5 necrophages (Lair:4)
  A cane toad simulacrum (IceCv)
  2 scorpions
  10 wights
  Dowan (D:7)
  5 elephant simulacra (IceCv)
  4 killer bees (D:7)
  4 howler monkeys
  An electric eel (Lair:4)
  6 hounds
  29 orc priests
  10 jellies
  A gnoll bouda (D:10)
  5 iguanas
  18 orc wizards
  8 sleepcaps
  4 spriggan simulacra (IceCv)
  Natasha (thrice) (D:4)
  7 troll simulacra (IceCv)
  2 polar bear simulacra (IceCv)
  2 wolf simulacra (IceCv)
  13 gnolls
  6 adders
  5 naga simulacra (IceCv)
  A shadow imp (D:7)
  11 white imps
  10 ufetubi
  4 worms (D:3)
  3 dart slugs
  68 orcs
  12 endoplasms
  7 giant cockroaches
  3 goblins
  5 hobgoblins
  5 jackals
  23 kobolds
  3 quokkas
  5 ball pythons
  7 bats
  4 frilled lizards
  7 rats
832 creatures vanquished.

Vanquished Creatures (collateral kills)
  A redback (Lair:2)
  A killer bee (D:7)
2 creatures vanquished.

Grand Total: 834 creatures vanquished

Notes
Turn   | Place    | Note
-------+----------+-------------------------------------------
     0 | D:5      | Esekla the Octopode Delver began the quest for the Orb.
     0 | D:5      | Reached XP level 1. HP: 16/16 MP: 1/1
    12 | D:5      | Found a staircase to the Ecumenical Temple.
    13 | D:5      | Noticed a scorpion
    14 | D:5      | Noticed an iguana
    17 | D:5      | Noticed a hound
    26 | Temple   | Entered the Ecumenical Temple
    59 | Temple   | Became a worshipper of Gozag Ym Sagoz the Greedy
    85 | D:5      | Noticed an orc wizard
   102 | D:4      | Noticed an iguana
   105 | D:4      | Noticed a howler monkey
   110 | D:4      | Noticed a sleepcap
   245 | D:1      | Reached XP level 2. HP: 21/21 MP: 2/2
   363 | D:2      | Reached XP level 3. HP: 26/26 MP: 3/3
   372 | D:2      | Learned a level 3 spell: Ozocubu's Armour
   643 | D:1      | Reached skill level 1 in Ice Magic
   696 | D:1      | Reached skill level 1 in Spellcasting
   709 | D:1      | Learned a level 1 spell: Apportation
   968 | D:2      | Found a faded altar of an unknown god.
  1055 | D:1      | Reached XP level 4. HP: 25/31 MP: 5/5
  1212 | D:2      | Identified the +7 sling of the Distant Future {elec, rElec
                  | rF+ Str+3}
  1730 | D:3      | Found a blossoming altar of Fedhas.
  1745 | D:3      | Found a snail-covered altar of Cheibriados.
  1802 | D:3      | Reached XP level 5. HP: 5/36 MP: 3/7
  2137 | D:3      | Reached skill level 2 in Spellcasting
  2543 | D:4      | Noticed Natasha
  2793 | D:4      | Noticed a wyvern
  2954 | D:3      | Reached XP level 6. HP: 38/42 MP: 9/9
  3272 | D:4      | Killed Natasha
  3436 | D:4      | Noticed Natasha
  3439 | D:4      | Reached skill level 1 in Translocations
  3561 | D:5      | Reached XP level 7. HP: 47/47 MP: 10/10
  3840 | D:5      | Reached skill level 3 in Spellcasting
  4479 | D:5      | Found Qoefigg Daegg's Book Boutique.
  4538 | D:5      | Bought a book of Minor Magic for 252 gold pieces
  4538 | D:5      | Bought a Trismegistus Codex for 364 gold pieces
  4538 | D:5      | Bought a book of Changes for 252 gold pieces
  4541 | D:5      | Learned a level 2 spell: Wereblood
  4545 | D:5      | Learned a level 3 spell: Mephitic Cloud
  4549 | D:5      | Learned a level 3 spell: Ignite Poison
  4937 | D:5      | Reached skill level 1 in Ranged Weapons
  5211 | D:6      | Reached XP level 8. HP: 45/54 MP: 8/13
  5271 | D:6      | Reached skill level 1 in Poison Magic
  5526 | D:6      | Reached skill level 1 in Air Magic
  5532 | D:6      | Reached skill level 4 in Spellcasting
  5532 | D:6      | Reached skill level 1 in Conjurations
  6188 | D:6      | Reached skill level 1 in Transmutations
  6607 | D:6      | Reached XP level 9. HP: 60/60 MP: 9/15
  6748 | D:4      | Killed Natasha
  6879 | D:4      | Reached skill level 5 in Long Blades
  6879 | D:4      | Reached skill level 1 in Throwing
  6960 | D:4      | Noticed Natasha
  6965 | D:4      | Killed Natasha
  7162 | D:7      | Noticed Dowan
  7169 | D:7      | Noticed Duvessa
  7553 | D:7      | Killed Duvessa
  7554 | D:7      | Reached skill level 5 in Fighting
  7573 | D:7      | Killed Dowan
  8362 | D:8      | Reached skill level 5 in Spellcasting
  8479 | D:8      | Noticed Maurice
  8496 | D:8      | Killed Maurice
  8497 | D:8      | Reached XP level 10. HP: 66/66 MP: 12/18
  8525 | D:7      | Learned a level 3 spell: Frozen Ramparts
  8601 | D:8      | Found a broken altar of Ashenzari.
  8875 | D:8      | Noticed an orange demon
  8898 | D:8      | HP: 4/99 [orange demon[Amaemon] (6)]
  8899 | D:8      | Killed an orange demon
  8912 | D:8      | Noticed Joseph
  8917 | D:8      | Noticed Amaemon
  8917 | D:8      | Killed Joseph
  8918 | D:8      | Reached skill level 5 in Dodging
  8918 | D:8      | Reached skill level 1 in Fire Magic
  9165 | D:8      | Killed Amaemon
  9180 | D:8      | Reached skill level 1 in Short Blades
  9184 | D:8      | Reached skill level 6 in Spellcasting
  9746 | D:8      | Learned a level 5 spell: Freezing Cloud
  9859 | D:9      | Reached XP level 11. HP: 62/72 MP: 2/20
 10196 | D:9      | Found a staircase to the Lair.
 10505 | D:9      | Noticed a two-headed ogre
 10512 | D:9      | Killed a two-headed ogre
 10903 | D:9      | Found a staircase to the Orcish Mines.
 10956 | D:9      | Bought a ring of see invisible for 210 gold pieces
 10956 | D:9      | Bought a +4 ring of protection for 504 gold pieces
 10958 | D:9      | Upgraded the game from 0.31-a0-108-gdf935468f2 to
                  | 0.31-a0-112-gdf0485fa37
 10961 | Lair:1   | Entered Level 1 of the Lair of Beasts
 11040 | Lair:1   | Reached skill level 5 in Air Magic
 11364 | Lair:1   | Learned a level 2 spell: Poisonous Vapours
 11427 | Lair:1   | Reached skill level 7 in Spellcasting
 11447 | Lair:1   | Reached skill level 5 in Ice Magic
 12479 | Lair:1   | Upgraded the game from 0.31-a0-112-gdf0485fa37 to
                  | 0.31-a0-115-g4708a659fe
 12558 | Lair:2   | Noticed a five-headed hydra
 12958 | Lair:2   | Reached XP level 12. HP: 80/80 MP: 23/23
 13054 | Lair:2   | Reached skill level 5 in Conjurations
 13090 | Lair:2   | Killed a five-headed hydra
 13463 | Lair:2   | Noticed a six-headed hydra
 13501 | Lair:2   | Killed a six-headed hydra
 13502 | Lair:2   | Reached skill level 8 in Spellcasting
 14084 | Lair:2   | Noticed a boulder beetle
 14102 | Lair:2   | Killed a boulder beetle
 14505 | Lair:2   | Found a hole to the Spider Nest.
 14775 | Lair:3   | Noticed a boulder beetle
 14788 | Lair:3   | Killed a boulder beetle
 14789 | Lair:3   | Reached XP level 13. HP: 86/86 MP: 0/25
 15022 | Lair:3   | Noticed Sonja
 15134 | Lair:3   | Killed Sonja
 15226 | Lair:3   | Found a staircase to the Swamp.
 15432 | Lair:3   | Noticed LobsterGuardian's ghost (journeyman SpVM)
 15469 | Lair:3   | Found a runed translucent gate.
 15469 | Lair:3   | Found a runed translucent gate.
 15469 | Lair:3   | Found a runed translucent gate.
 15540 | Lair:3   | Reached skill level 9 in Spellcasting
 15927 | D:9      | Upgraded the game from 0.31-a0-115-g4708a659fe to
                  | 0.31-a0-117-g42d8f58691
 15940 | D:10     | Entered Level 10 of the Dungeon
 16126 | D:10     | Noticed Snorg
 16185 | D:10     | Learned a level 2 spell: Blink
 16193 | D:10     | Found a shimmering altar of Xom.
 16450 | D:10     | Learned a level 2 spell: Searing Ray
 16926 | D:11     | Found Ruekefew's Book Shop.
 16958 | D:11     | Bought a Young Poisoner's Handbook for 320 gold pieces
 16980 | D:11     | Learned a level 4 spell: Olgreb's Toxic Radiance
 17002 | D:11     | Reached skill level 1 in Necromancy
 17234 | Orc:1    | Entered Level 1 of the Orcish Mines
 17241 | Orc:1    | Identified a scroll of acquirement
 17348 | Orc:1    | Found a frozen archway.
 17448 | IceCv    | Entered an ice cave
 21070 | D:10     | Killed Snorg
 21071 | D:10     | Reached skill level 5 in Poison Magic
 21286 | D:11     | Bought a book of Debilitation for 320 gold pieces
 21721 | Orc:1    | Noticed an orc warlord
 21749 | Orc:1    | Killed an orc warlord
 21750 | Orc:1    | Reached skill level 10 in Spellcasting
 22116 | Orc:2    | Entered Level 2 of the Orcish Mines
 22288 | Orc:2    | Reached XP level 14. HP: 73/94 MP: 2/28
 22721 | Orc:2    | Found a staircase to the Elven Halls.
 23359 | Orc:2    | Found Erphyhinu's Magic Scroll Emporium.
 23363 | Orc:2    | Found Zarph's Distillery.
 23639 | Orc:2    | Learned a level 3 spell: Vampiric Draining
 23641 | Orc:2    | Bought a scroll of blinking for 112 gold pieces
 23641 | Orc:2    | Bought a scroll of enchant weapon for 112 gold pieces
 23641 | Orc:2    | Bought a scroll of amnesia for 60 gold pieces
 23649 | Orc:2    | Bought a potion of curing for 45 gold pieces
 23649 | Orc:2    | Bought a potion of heal wounds for 75 gold pieces
 23649 | Orc:2    | Bought 2 potions of heal wounds for 150 gold pieces
 24812 | Orc:2    | Found Kibeu's Book Boutique.
 24812 | Orc:2    | Found Ithruiz's Antique Armour Shop.
 24813 | Orc:2    | Found a one-way gate leading to the halls of Pandemonium.
 25021 | D:9      | Bought the +9 staff of Olgreb {rPois∞} for 1000 gold pieces
 25021 | D:9      | Found the +9 staff of Olgreb {rPois∞}
 25101 | D:5      | Bought a book of Touch for 308 gold pieces
 25270 | Lair:4   | Reached skill level 5 in Fire Magic
 25398 | Lair:4   | Reached skill level 11 in Spellcasting
 25948 | Lair:4   | Reached skill level 1 in Staves
 26209 | Lair:4   | Found a staircase to the Slime Pits.
 26209 | Lair:4   | Found a viscous altar of Jiyva.
 27064 | Lair:4   | Reached skill level 10 in Stealth
 27836 | Lair:4   | Reached XP level 15. HP: 101/101 MP: 14/30
 28436 | Lair:4   | Learned a level 4 spell: Dispel Undead
 28623 | Orc:2    | Bought a manual of Stealth for 1120 gold pieces
 28787 | Lair:5   | Entered Level 5 of the Lair of Beasts
 28937 | Lair:5   | Found a gate leading to a gauntlet.
 28985 | Lair:5   | Reached skill level 10 in Long Blades
 29028 | Gauntlet | Entered a Gauntlet
 29028 | Gauntlet | Found a transporter.
 29028 | Gauntlet | Found a transporter.
 29044 | Gauntlet | Found a transporter.
 29048 | Gauntlet | Found a transporter.
 29063 | Gauntlet | Found a transporter.
 29085 | Gauntlet | Found a transporter.
 29091 | Gauntlet | Found a transporter.
 29109 | Gauntlet | Found a transporter.
 29140 | Gauntlet | Found a transporter.
 29152 | Gauntlet | Found a transporter.
 29166 | Gauntlet | Found a transporter.
 29189 | Gauntlet | Found a transporter.
 30116 | Gauntlet | Identified the ring "Uxiumo" {*Corrode rPois rN+++ Will+}
 30129 | Gauntlet | HP: 4/101 [minotaur/+1 heavy glaive (47)]
 30159 | Gauntlet | Got the Grimoire of Portals
 30384 | Lair:5   | Reached skill level 12 in Spellcasting
 31314 | Lair:5   | Found the +10 Black Knight's barding {ponderous, rPois rN+}
 31417 | Lair:5   | Reached skill level 5 in Necromancy
 32142 | Lair:5   | Found a burning altar of Makhleb.
 32451 | Lair:5   | Found a gateway to Hell.
 32664 | D:9      | Bought a glowing long sword for 130 gold pieces
 33106 | D:11     | Noticed Erica
 33114 | D:11     | Killed Erica
 33183 | D:11     | Noticed Erolcha
 33194 | D:11     | Killed Erolcha
 34047 | D:12     | Reached XP level 16. HP: 108/108 MP: 32/32
 34341 | D:12     | Reached skill level 5 in Transmutations
 34547 | D:12     | Noticed Nergalle
 34550 | D:12     | Killed Nergalle
 35479 | D:12     | Acquired the +0 kite shield of Vager {rElec rF+++ Str-2
                  | Stlth+}
 35481 | D:12     | Acquired the +4 kite shield of Awe {rC+ Regen+}
 35660 | Lair:3   | Killed LobsterGuardian's ghost
 36201 | D:13     | Reached skill level 1 in Shields
 36391 | D:13     | Reached skill level 13 in Spellcasting
 36584 | D:13     | Found a gate to the Vaults.
 37074 | D:13     | Reached skill level 10 in Dodging
 37302 | D:13     | Found a runed translucent gate.
 37303 | D:13     | Found a runed translucent gate.
 37304 | D:13     | Found a runed translucent gate.
 37306 | D:13     | Identified the +2 plate armour of Mumblety Peg {Rampage rF-
                  | rC++ rCorr}
 37307 | D:13     | Noticed Gint's ghost (journeyman HOFi)
 38013 | D:14     | Noticed Jorgrun
 38717 | D:13     | Killed Gint's ghost
 38718 | D:13     | Reached skill level 5 in Staves
 39076 | D:14     | Noticed Louise
 39087 | D:14     | Killed Louise
 39542 | D:14     | Noticed Roxanne
 39797 | D:14     | Killed from afar by Jorgrun

Illustrated notes

Levels and vault maps discovered:
D:1:      eino_arrival_tree_alley, layout_basic
D:2:      layout_rooms, dreamdust_ecumenical_altar_sealed_demon
D:3:      layout_loops_cross, mainiacjoe_overflow_big_doors
D:4:      layout_cave_pools, dk_noncrumbling_4, uniq_natasha
D:5:      layout_loops_ring, minmay_temple_entry_offerings, serial_shops,
          nicolae_shop_rolling_square, small_statue_intersection
D:6:      layout_loops_ring, glass_columns_b
D:7:      layout_cave_pools, hellmonk_no_cap, uniq_duvessa
D:8:      layout_basic, nicolae_ashenzari_panopticon, serial_curves,
          eino_curves_03, eino_curves_02, chequers_serial_rivers_room_b,
          chequers_serial_rivers_small_b, bh_walls_and_bars, uniq_amaemon,
          uniq_maurice, uniq_joseph
D:9:      minmay_general_purpose_star, layout_rooms, david_lair_generic,
          kennysheep_generic_room_8
D:10:     layout_roguey, mainiacjoe_overflow_cross_hatched,
          dreamdust_mushroom_princess, minmay_misc_feat_more_columns,
          minmay_joined_circles, uniq_snorg
D:11:     layout_irregular_city, serial_shops, nicolae_shop_statue_plus,
          uniq_erica, uniq_erolcha
D:12:     layout_grid_maze, kennysheep_another_room, uniq_nergalle
D:13:     layout_cave_pools, david_vaults_4, biasface_ghost_orc_armoury
D:14:     layout_cave_pools, palyth_stone_intersect, uniq_louise, uniq_jorgrun,
          uniq_roxanne
Temple:   hc_temple_tempest_star
Lair:1:   layout_misc_corridors, chequers_serial_rivers_marsh
Lair:2:   layout_regular_city, nicolae_spider_entry_tight_spaces
Lair:3:   layout_roguey, skrybe_swamp_entry_bodies, gammafunk_ghost_split,
          minivault_27, uniq_sonja
Lair:4:   nzn_winding_woodlands_huge [nzn_winding_woodlands_5x15_pockets,
          nzn_winding_woodlands_5x15_garden, nzn_winding_woodlands_5x15_default,
          nzn_winding_woodlands_5x15_crooked, nzn_winding_woodlands_5x15_parted,
          nzn_winding_woodlands_5x15_river_crossing,
          nzn_winding_woodlands_5x15_jagged, nzn_winding_woodlands_5x15_default,
          nzn_winding_woodlands_5x15_pool, nzn_winding_woodlands_5x15_longhouse,
          nzn_winding_woodlands_center_garden,
          nzn_winding_woodlands_center_lodge,
          nzn_winding_woodlands_15x15_killbox], layout_regular_city,
          nicolae_slime_entry_slimehenge, roderic_carrion_pond,
          serial_bayou_shore_b, infiniplex_staircase_pool
Lair:5:   evil_forest, layout_long_grid, gauntlet_entry_generic,
          cheibrodos_lair_lostbears, serial_bayou_shore_b
Orc:1:    layout_caves, portal_ice_cave_rime, hellmonk_bongcloud_opening
Orc:2:    pf_orc_diabolical, layout_caves, basic_altar

Skill      XL: |  1  2  3  4  5  6  7  8  9 10 11 12 13 14 15 16 |
---------------+-------------------------------------------------+-----
Stealth        | 7 8 9 10 12 | 12.7
Ice Magic      | 1 2 3 4 5 6 7 |  7.4
Spellcasting   | 1 2 3 4 5 6 7 8 10 11 12 13 | 13.4
Long Blades    | 3 4 6 7 8 9 10 | 10.8
Dodging        | 3 4 5 6 7 8 9 10 | 10.2
Translocations | 1 2 3 4 |  4.3
Fighting       | 4 5 6 7 8 9 |  9.3
Ranged Weapons | 1 |  1.0
Poison Magic   | 2 3 4 5 6 7 |  7.0
Air Magic      | 1 3 4 5 6 |  6.8
Conjurations   | 1 2 3 4 5 6 |  6.4
Transmutations | 1 3 4 5 |  5.1
Throwing       | 2 3 4 |  4.4
Fire Magic     | 2 3 4 5 |  5.3
Short Blades   | 1 2 |  2.5
Necromancy     | 2 4 5 6 |  6.4
Staves         | 2 3 5 |  5.0
Shields        | 3 |  3.9
Evocations     | |  0.2

Action                     |  1- 3 |  4- 6 |  7- 9 | 10-12 | 13-15 | 16-18 || total
---------------------------+-------+-------+-------+-------+-------+-------++-------
  Melee: Falchion          |    52 |   120 |   216 |   139 |   211 |    11 ||   749
         Dagger            |    13 |    18 |    37 |   114 |    99 |    14 ||   295
         Constrict         |    16 |    28 |    77 |    27 |    49 |    14 ||   211
         Tentacles         |    13 |    26 |    71 |    65 |    95 |    21 ||   291
         Punch             |       |     2 |     7 |     4 |     8 |     1 ||    22
         Trident           |       |       |     4 |       |    23 |       ||    27
         Staff             |       |       |       |       |    27 |    16 ||    43
         Long sword        |       |       |       |       |     1 |    43 ||    44
         Scimitar          |       |       |       |       |       |     2 ||     2
   Fire: Sling             |       |     2 |     5 |       |       |       ||     7
  Throw: Boomerang         |       |     6 |    35 |    28 |    91 |    17 ||   177
         Dart              |       |       |    34 |    86 |    35 |       ||   155
   Cast: Apportation       |       |    19 |     3 |    10 |   206 |    55 ||   293
         Ozocubu's Armour  |       |     5 |    32 |    25 |    82 |    27 ||   171
         Wereblood         |       |       |    15 |    14 |    39 |     7 ||    75
         Mephitic Cloud    |       |       |    21 |    30 |    49 |    22 ||   122
         Ignite Poison     |       |       |     1 |    26 |   115 |    53 ||   195
         Frozen Ramparts   |       |       |       |    30 |    53 |    10 ||    93
         Freezing Cloud    |       |       |       |     9 |    19 |     6 ||    34
         Searing Ray       |       |       |       |       |    50 |       ||    50
         Poisonous Vapours |       |       |       |       |   105 |    50 ||   155
         Olgreb's Toxic Ra |       |       |       |       |    45 |    12 ||    57
         Blink             |       |       |       |       |     6 |     2 ||     8
         Vampiric Draining |       |       |       |       |     1 |     3 ||     4
         Dispel Undead     |       |       |       |       |       |    15 ||    15
 Invoke: Call Merchant     |       |       |       |     1 |     2 |       ||     3
  Evoke: Wand              |       |       |     3 |       |     6 |       ||     9
    Use: Scroll            |     2 |       |     1 |    10 |    14 |     6 ||    33
         Potion            |     1 |     3 |     3 |     3 |    10 |     1 ||    21
   Stab: Sleeping          |    11 |    11 |     5 |    15 |    36 |     7 ||    85
         Distracted        |     1 |     2 |       |     2 |     2 |       ||     7
         Confused          |       |       |    10 |    11 |     3 |     1 ||    25
 Armour: Skin              |     1 |    27 |    28 |    59 |   123 |    30 ||   268
  Dodge: Dodged            |    39 |    88 |   177 |   151 |   399 |   124 ||   978
  Block: Buckler           |       |       |       |       |       |    14 ||    14

Table legend: (Time is in decaauts)
 A = Elapsed time spent in this place.
 B = Non-inter-level travel time spent in this place.
 C = Inter-level travel time spent in this place.
 D = Time resting spent in this place.
 E = Time spent auto-exploring this place.
 F = Levels seen in this place.
 G = Mean time per level.
                   A        B        C        D        E       F      G
               +--------+--------+--------+--------+--------+-----+--------+
         Total |  39709 |  37697 |   2012 |  16862 |   5918 |  24 | 1654.5 |
       Dungeon |  19585 |  18475 |   1110 |   7170 |   3654 |  14 | 1398.9 |
        Temple |     55 |     55 |      0 |      0 |     22 |   1 |   55.0 |
          Lair |  11393 |  10666 |    727 |   5296 |   1480 |   5 | 2278.6 |
  Orcish Mines |   4114 |   3939 |    175 |   1979 |    622 |   2 | 2057.0 |
      Ice Cave |   3431 |   3431 |      0 |   2097 |    122 |   1 | 3431.0 |
      Gauntlet |   1130 |   1130 |      0 |    320 |     18 |   1 | 1130.0 |
               +--------+--------+--------+--------+--------+-----+--------+

Top non-repeatable levels by time:
   IceCv: 3431 daAuts
  Lair:4: 3232 daAuts
   Orc:2: 2794 daAuts
    D:13: 2576 daAuts
  Lair:5: 2534 daAuts
     D:5: 2188 daAuts
  Lair:2: 2176 daAuts
  Lair:1: 2041 daAuts
    D:12: 1959 daAuts
     D:8: 1593 daAuts
     D:6: 1557 daAuts
     D:3: 1505 daAuts
     D:9: 1477 daAuts
  Lair:3: 1408 daAuts
    D:10: 1368 daAuts
